 Dungeon Crawl Stone Soup version 0.29-a0-830-gcb1280458a (webtiles) character file.

Game seed: 6993985504920099660

1499 nxtlvl the Cleaver (level 8, 0/117 HPs)
             Began as a Naga Gladiator on July 11, 2022.
             Was an Initiate of Cheibriados.
             Succumbed to a killer bee's poison
             ... on level 7 of the Dungeon on July 12, 2022.
             The game lasted 00:28:37 (2592 turns).

nxtlvl the Cleaver (Naga Gladiator)                 Turns: 2592, Time: 00:28:38

Health: 0/117      AC:  9    Str: 25      XL:     8   Next: 81%
Magic:  3/8        EV:  5    Int: 10      God:    Cheibriados [......]
Gold:   183        SH:  0    Dex: 11 (14) Spells: 7/7 levels left

rFire   . . .      SeeInvis +   a - +0 war axe
rCold   . . .      Faith    .   (no shield)
rNeg    . . .      Spirit   +   d - +0 plate armour
rPois   +          Reflect  .   c - +0 helmet
rElec   .          Harm     .   (no cloak)
rCorr   .          Rampage  .   e - +0 pair of gloves
Will    ++...                   (no barding)
Stlth   ..........              m - amulet of guardian spirit
HPRegen 0.29/turn               G - ring of willpower
MPRegen 0.11/turn               g - +6 ring of strength

@: berserking, lethally poisoned (0 -> -3), flying, invisible, very slow
A: AC +2, large, see invisible, deformed body, poison resistance, slowness 2,
spit poison 1, naga tail 1
a: Spit Poison, Renounce Religion


You were on level 7 of the Dungeon.
You worshipped Cheibriados.
Cheibriados was noncommittal.
You visited 2 branches of the dungeon, and saw 8 of its levels.

You collected 183 gold pieces.

Inventory:

Hand Weapons
 a - a +0 war axe (weapon)
 b - a +0 sling
 h - a +1 flail of protection
 o - a +0 morningstar
 w - a +0 dagger of electrocution
Armour
 c - a +0 helmet (worn)
 d - a +0 plate armour (worn)
 e - a +0 pair of gloves (worn)
Jewellery
 f - a ring of protection from fire
 g - a +6 ring of strength (right hand)
 l - a ring of protection from fire
 m - an amulet of guardian spirit (around neck)
 q - a ring of wizardry
 G - a ring of willpower (left hand)
Wands
 y - a wand of charming (6)
 D - a wand of roots (6)
Scrolls
 i - a scroll of magic mapping {unknown}
 j - a scroll of noise {unknown}
 n - a scroll of fog {unknown}
 s - a scroll of immolation {unknown}
 x - 2 scrolls of blinking {unknown}
 A - a scroll of amnesia {unknown}
 C - a scroll of enchant weapon {unknown}
 F - a scroll of acquirement {unknown}
Potions
 k - 2 potions of attraction
 p - a potion of haste
 t - a potion of degeneration
 v - 2 potions of magic
 z - a potion of flight


   Skills:
 + Level 6.3 Fighting
 * Level 9.2 Axes
 - Level 2.0 Throwing
 - Level 2.5 Dodging


You had 7 spell levels left.
You didn't know any spells.
Your spell library contained the following spells:

 Spells                   Type           Power      Damage    Failure   Level
 Fulminant Prism          Conj/Hex       0%         3d6       100%        4
 Iskenderun's Mystic Bla  Conj/Tloc      0%         2d3       100%        4
 Lee's Rapid Deconstruct  Erth           0%         3d5*      100%        5


Dungeon Overview and Level Annotations

Branches:
Dungeon (7/15)             Temple (1/1) D:6

Altars:
Cheibriados
Dithmenos
Elyvilon
Fedhas
Gozag
Hepliaklqana
Kikubaaqudgha
Nemelex Xobeh
Qazlal
Sif Muna
Vehumet
Wu Jian
Xom
Zin
The Shining One

Annotations:
D:5 Menkaure
D:6 exclusion: upstairs


Innate Abilities, Weirdness & Mutations

Your serpentine skin is tough. (AC +2)
You have supernaturally acute eyesight. (SInv)
Armour fits poorly on your strangely shaped body.
Your system is resistant to poisons. (rPois)
You cover ground very slowly.
You can spit poison.
You have a snake-like lower body.


Message History

* * * LOW HITPOINT WARNING * * *
Your surroundings suddenly seem different.
A kobold comes into view. It is wielding a +0 short sword.
Found 12 gold pieces.
* * * LOW HITPOINT WARNING * * *
You feel very sick.
The kobold shouts!
You hear a shout! x2
Unknown command.
It was a potion of flight.
You feel very buoyant.
You fly up into the air.
* * * LOW HITPOINT WARNING * * *
You feel sick. The kobold barely misses you.
Unknown command.
It was a potion of invisibility.
You fade into invisibility!
* * * LOW HITPOINT WARNING * * *
You feel sick.
A kobold brigand comes into view.
It is wielding a +0 club and quivering curare-tipped darts.
The kobold hits you but does no damage.
It was a potion of berserk rage.
A red film seems to cover your vision as you go berserk!
Cheibriados protects you from inadvertent hurry.
You feel mighty!
* * * LOW HITPOINT WARNING * * *
You feel sick.
The kobold brigand shouts!
The kobold barely misses you.
You barely miss the kobold.
* * * LOW HITPOINT WARNING * * *
You feel sick.
A kobold comes into view. It is wielding a +0 short sword.
You slash the kobold brigand!
The kobold brigand is heavily wounded.
* * * LOW HITPOINT WARNING * * *
You feel sick.
The kobold shouts!
You slash the kobold brigand!
The kobold brigand is almost dead.
You die...

#.#
#.#
#.#
###
#..
#.#
#.#
#.#
#@#
#K#
K.#
$.##
.#.
#.#.
# #.
..


You could see a kobold brigand (unable to see you) and a kobold (wandering,
unable to see you).

Vanquished Creatures
  An orc warrior (D:7)
  2 ice beasts (D:6)
  2 sky beasts (D:7)
  An ogre (D:6)
  A phantom (D:6)
  A necrophage (D:5)
  5 scorpions
  2 killer bees (D:7)
  3 hounds
  An orc priest (D:7)
  A jelly (D:4)
  Ijyb (D:5)
  3 iguanas
  2 orc wizards (D:7)
  A gnoll (D:5)
  3 adders
  A white imp (D:6)
  An ufetubus (D:6)
  3 worms
  A dart slug (D:2)
  6 orcs
  7 ball pythons
  6 bats
  6 endoplasms
  6 giant cockroaches
  8 goblins
  6 hobgoblins
  4 jackals (D:5)
  A quokka (D:1)
  4 frilled lizards
  5 kobolds
  7 rats
102 creatures vanquished.

Notes
Turn   | Place    | Note
-------+----------+-------------------------------------------
     0 | D:1      | nxtlvl the Naga Gladiator began the quest for the Orb.
     0 | D:1      | Reached XP level 1. HP: 19/19 MP: 1/1
   105 | D:1      | Reached XP level 2. HP: 20/26 MP: 2/2
   334 | D:2      | Reached XP level 3. HP: 33/33 MP: 3/3
   385 | D:3      | Noticed a steam dragon
   531 | D:2      | Reached skill level 4 in Axes
   638 | D:3      | Reached XP level 4. HP: 38/40 MP: 4/4
   760 | D:3      | Noticed a scorpion
   789 | D:3      | Killed a scorpion
   790 | D:3      | Reached XP level 5. HP: 24/49 MP: 3/5
   942 | D:3      | Found a hazy altar of Hepliaklqana.
  1081 | D:4      | Reached skill level 5 in Axes
  1119 | D:4      | Reached XP level 6. HP: 27/57 MP: 2/6
  1271 | D:4      | Noticed an ice beast
  1398 | D:5      | Entered Level 5 of the Dungeon
  1398 | D:5      | Noticed an ice beast
  1501 | D:5      | Reached skill level 6 in Axes
  1575 | D:5      | Noticed Ijyb
  1643 | D:6      | Noticed an ice beast
  1655 | D:6      | Killed an ice beast
  1656 | D:6      | Reached XP level 7. HP: 59/66 MP: 4/7
  1800 | D:6      | Reached skill level 7 in Axes
  1927 | D:5      | Noticed Menkaure
  2003 | D:5      | Killed Ijyb
  2011 | D:5      | Reached skill level 5 in Fighting
  2143 | D:6      | Reached XP level 8. HP: 48/74 MP: 8/8
  2193 | D:6      | Reached skill level 8 in Axes
  2289 | D:6      | Found a staircase to the Ecumenical Temple.
  2309 | Temple   | Entered the Ecumenical Temple
  2348 | Temple   | Became a worshipper of Cheibriados the Contemplative
  2551 | D:7      | Reached skill level 9 in Axes
  2588 | D:7      | HP: 2/78 [poisoned by a killer bee]
  2592 | D:7      | Succumbed to a killer bee's poison

Illustrated notes

Levels and vault maps discovered:
D:1:      erik_arrival_orb_chamber, layout_rooms,
          shapermc_ecumenical_altar_mp_ritualfount, nrook_campfire, hex_large,
          minmay_stone_trees_small
D:2:      layout_loops_corners, minivault_24
D:3:      minmay_chambers_of_threes, layout_basic,
          worldfamousw_hep_ancestral_shrine, hangedman_feature_mirror
D:4:      layout_basic
D:5:      layout_gridville, minmay_a_box_with_orc_wizards_in_it, uniq_menkaure,
          uniq_ijyb
D:6:      wander_river, layout_loops_cross, minmay_temple_entry_statues_pillars,
          kennysheep_generic_room_9
D:7:      layout_loops_ring, minivault_19, uniq_prince_ribbit1, uniq_duvessa,
          uniq_maggie
Temple:   nicolae_temple_two_arcs

Skill      XL: |  1  2  3  4  5  6  7  8 |
---------------+-------------------------+-----
Throwing       | 2 |  2.0
Axes           | 4 5 6 7 9 |  9.2
Fighting       | 3 4 5 6 |  6.3
Dodging        | |  2.5

Action                   |  1- 3 |  4- 6 |  7- 9 || total
-------------------------+-------+-------+-------++-------
Melee: War axe           |    71 |    94 |   129 ||   294
       Punch             |       |       |     2 ||     2
 Fire: Sling             |     1 |     3 |     2 ||     6
Throw: Throwing net      |       |     3 |       ||     3
       Javelin           |       |     1 |       ||     1
 Abil: Spit Poison       |    24 |    15 |    18 ||    57
Evoke: Wand              |       |       |     2 ||     2
  Use: Potion            |       |     3 |     8 ||    11
       Scroll            |       |     4 |     2 ||     6
Armor: Plate armour      |    64 |    81 |    76 ||   221
Dodge: Dodged            |    13 |    34 |    42 ||    89

Table legend: (Time is in decaauts)
 A = Elapsed time spent in this place.
 B = Non-inter-level travel time spent in this place.
 C = Inter-level travel time spent in this place.
 D = Time resting spent in this place.
 E = Time spent auto-exploring this place.
 F = Levels seen in this place.
 G = Mean time per level.
                   A        B        C        D        E       F      G
               +--------+--------+--------+--------+--------+-----+--------+
         Total |   3481 |   3287 |    194 |      0 |      0 |   8 |  435.1 |
       Dungeon |   3399 |   3214 |    185 |      0 |      0 |   7 |  485.6 |
        Temple |     82 |     74 |      8 |      0 |      0 |   1 |   82.0 |
               +--------+--------+--------+--------+--------+-----+--------+

Top non-repeatable levels by time:
     D:6: 825 daAuts
     D:4: 664 daAuts
     D:3: 555 daAuts
     D:5: 440 daAuts
     D:2: 365 daAuts
     D:1: 314 daAuts
     D:7: 234 daAuts
  Temple: 82 daAuts
